 Dungeon Crawl Stone Soup version 0.30-a0-1043-g60ff8d5f49 (webtiles) character file.

Game seed: 10567830630271825471

2690 hwolsky the Conjurer (level 9, -1/57 HPs)
             Began as a Demonspawn Fire Elementalist on Apr 10, 2023.
             Was a Believer of Sif Muna.
             Succumbed to Dowan's poison
             ... on level 7 of the Dungeon.
             The game lasted 00:58:35 (7144 turns).

hwolsky the Conjurer (Demonspawn Fire Elementalist) Turns: 7144, Time: 00:58:38

Health: -1/57      AC:  6    Str: 10    XL:     9   Next: 38%
Magic:  7/17       EV: 18    Int: 22    God:    Sif Muna [**....]
Gold:   365        SH:  3    Dex: 14    Spells: 4/19 levels left

rFire   . . .      SeeInvis +    h - staff of conjuration
rCold   . . .      Faith    .    d - +0 buckler
rNeg    . . .      Spirit   .    u - +2 robe {Will+}
rPois   .          Reflect  .    t - -2 hat of Pumuede {rCorr Int+3 Stlth+}
rElec   .          Rampage  .    c - +1 cloak
rCorr   +                        (no gloves)
Will    +....                    f - +1 pair of boots
Stlth   +++                      x - amulet of magic regeneration
HPRegen 0.29/turn                e - ring of wizardry
MPRegen 0.55/turn                r - ring of see invisible

@: agile, lethally poisoned (-1 -> -8)
A: demonic guardian 2, powered by pain 1, weakness stinger 2
a: Renounce Religion, Channel Magic


You were on level 7 of the Dungeon.
You worshipped Sif Muna.
Sif Muna was pleased with you.
You visited 2 branches of the dungeon, and saw 8 of its levels.

You collected 365 gold pieces.

Inventory:

Hand Weapons
 b - a +4 flail of protection
Missiles
 k - 15 boomerangs (quivered)
Armour
 c - a +1 cloak (worn)
 d - a +0 buckler (worn)
 f - a +1 pair of boots (worn)
 l - a +0 helmet
 t - the -2 hat of Pumuede (worn) {rCorr Int+3 Stlth+}
   (You found it on level 5 of the Dungeon)

   Int:       It affects your intelligence (+3).
   rCorr:     It protects you from acid and corrosion.
   Stlth:     It makes you more stealthy.
 u - a +2 robe of willpower (worn)
Magical Staves
 h - a staff of conjuration (weapon)
Jewellery
 e - a ring of wizardry (left hand)
 r - a ring of see invisible (right hand)
 x - an amulet of magic regeneration (around neck)
Wands
 n - a wand of flame (1)
 w - a wand of paralysis (11)
 z - a wand of light (14)
Scrolls
 a - a scroll of noise
 j - a scroll of silence
 p - a scroll of amnesia
 q - 2 scrolls of teleportation
 v - 2 scrolls of poison
 y - a scroll of vulnerability
Potions
 g - 2 potions of lignification
 i - 2 potions of attraction
 m - 3 potions of might
 s - a potion of degeneration


   Skills:
 + Level 1.8 Staves
 - Level 4.2 Armour
 + Level 5.3 Dodging
 - Level 1.9 Stealth
 * Level 5.8 Spellcasting
 * Level 6.0 Conjurations
 + Level 5.7 Fire Magic


You had 4 spell levels left.
You knew the following spells:

 Your Spells              Type           Power      Damage    Failure   Level
a - Foxfire               Conj/Fire      100%       2x1d9     1%          1
b - Scorch                Fire           62%        2d8       1%          2
c - Flame Wave            Conj/Fire      48%        2d12      4%          4
d - Volatile Blastmotes   Fire/Tloc      38%        2d13      4%          3
e - Arcjolt               Conj/Air       14%        1d24      36%         5

Your spell library contained the following spells:

 Spells                   Type           Power      Damage    Failure   Level
 Inner Flame              Hex/Fire       19%        N/A       4%          3
 Ensorcelled Hibernation  Hex/Ice        12%        N/A       8%          2
 Passwall                 Tmut/Erth      5%         N/A       8%          2
 Swiftness                Air            6%         N/A       16%         3
 Vhi's Electric Charge    Tloc/Air       12%        N/A       16%         3
 Maxwell's Capacitive Co  Air            3%         ∞         100%        8


Dungeon Overview and Level Annotations

Branches:
Dungeon (7/15)             Temple (1/1) D:4

Altars:
Ashenzari
Cheibriados
Dithmenos
Fedhas
Gozag
Hepliaklqana
Kikubaaqudgha
Nemelex Xobeh
Okawaru
Qazlal
Ru
Sif Muna
Trog
Uskayaw
Vehumet
Xom
Yredelemnul

Shops:
D:5 (!


Innate Abilities, Weirdness & Mutations

A demonic guardian rushes to your aid.
You sometimes gain a little power by taking damage.
You have a tail ending in a sharp stinger.


Message History

The flame wave engulfs Dowan!
You kill Dowan!
Sif Muna accepts your kill.
Duvessa weeps, and shakes her weapon.
Duvessa goes berserk! (Press . to intensify the flame waves.)
* * * LOW HITPOINT WARNING * * *
You feel very sick.
You hear an angry hiss.
Duvessa hits your ice devil with a +0 short sword!
Your ice devil hits Duvessa but does no damage.
The jelly completely misses you. The gnoll closely misses you.
Your orange demon stings the jelly!
The jelly dies!
Sif Muna accepts your kill.
Your Conjurations skill increases to level 6!
A wave of flame ripples out!
Your demonic guardian avoids your attack.
The flame wave engulfs the gnoll!
You kill the gnoll!
Sif Muna accepts your kill.
The flame wave engulfs Duvessa.
Duvessa is almost dead.
Your demonic guardian avoids your attack.
The cloud of blastmotes explodes!
* * * LOW HITPOINT WARNING * * *
You feel very sick. Duvessa barely misses your ice devil.
Your ice devil hits Duvessa but does no damage.
Duvessa barely misses your ice devil.
Your orange demon stings Duvessa!
Duvessa looks as sick as possible!
Your orange demon poisons Duvessa!
Your orange demon barely misses Duvessa.
A wave of flame ripples out!
Your demonic guardian avoids your attack.
The flame wave engulfs Duvessa!!
You kill Duvessa!
Sif Muna accepts your kill.
Your demonic guardian avoids your attack.
You finish channelling waves of flame.
You die...

.#. .... ..## .#.# .....
..... ..... ....# ......
....# .>.... ....#
#...... ..>.# ###.).....
..># ####.@44.....
..##########...).)#.[...
### #........#)#### ...
###.########)# # ###...#
#.....(# ....###
#.....## ##### #..... .#
#....# .# #....


You could see a friendly orange demon (summoned) and a friendly ice devil
(summoned).

Vanquished Creatures
  Duvessa (D:7)
  A water moccasin (D:6)
  A sky beast (D:7)
  An ice beast (D:6)
  2 ogres
  A centaur (D:6)
  A scorpion (D:6)
  A gnoll sergeant (D:6)
  3 wights (D:6)
  Dowan (D:7)
  An oklob sapling (D:4)
  4 jellies
  2 hounds
  4 orc priests
  Jessica (D:2)
  2 orc wizards
  A sleepcap (D:6)
  7 gnolls
  A river rat (D:3)
  9 adders
  A shadow imp (D:6)
  2 ufetubi
  3 dart slugs
  15 orcs
  A bat (D:1)
  5 endoplasms
  6 giant cockroaches
  8 goblins
  2 hobgoblins
  8 kobolds
  3 quokkas
  7 ball pythons
  2 frilled lizards
  3 rats
111 creatures vanquished.

Vanquished Creatures (collateral kills)
  Pikel (D:4)
  A wyvern (D:4)
  A black bear (D:5)
  A centaur (D:6)
  3 lemures (D:4)
  A gnoll sergeant (D:7)
  A scorpion (D:5)
  A wight (D:6)
  2 howler monkeys (D:7)
  A jelly (D:7)
  An iguana (D:4)
  3 gnolls
  An adder (D:6)
  3 orcs
  An endoplasm (D:2)
  A hobgoblin (D:2)
  A quokka (D:2)
  4 foxfires (D:4)
28 creatures vanquished.

Vanquished Creatures (others)
  339 foxfires
  6 plants (D:4)
345 creatures vanquished.

Grand Total: 484 creatures vanquished

Notes
Turn   | Place    | Note
-------+----------+-------------------------------------------
     0 | D:1      | hwolsky the Demonspawn Fire Elementalist began the quest
                  | for the Orb.
     0 | D:1      | Reached XP level 1. HP: 13/13 MP: 3/3
   301 | D:1      | Gained mutation: You sometimes gain a little power by
                  | taking damage. [demonic ancestry]
   301 | D:1      | Reached XP level 2. HP: 19/19 MP: 3/5
   335 | D:1      | Learned a level 2 spell: Scorch
   957 | D:2      | Gained mutation: A weak demonic guardian rushes to your
                  | aid. [demonic ancestry]
   957 | D:2      | Reached XP level 3. HP: 5/24 MP: 1/6
  1290 | D:2      | Noticed Jessica
  1305 | D:2      | Killed Jessica
  1306 | D:2      | Reached skill level 1 in Armour
  1306 | D:2      | Reached XP level 4. HP: 7/30 MP: 5/7
  1424 | D:2      | Reached skill level 2 in Conjurations
  1470 | D:2      | Learned a level 4 spell: Flame Wave
  1695 | D:3      | Found a hide-covered altar of Uskayaw.
  1892 | D:3      | Gained mutation: You have a small tail. [demonic ancestry]
  1892 | D:3      | Reached XP level 5. HP: 35/35 MP: 5/9
  2158 | D:3      | Found a shimmering blue altar of Sif Muna.
  2164 | D:3      | Became a worshipper of Sif Muna the Loreminder
  2256 | D:3      | Found a radiant altar of Vehumet.
  2288 | D:3      | Found a glowing drain.
  3133 | D:4      | Noticed an ogre
  3140 | D:4      | Killed an ogre
  3141 | D:4      | Gained mutation: A demonic guardian rushes to your aid.
                  | [demonic ancestry]
  3141 | D:4      | Reached XP level 6. HP: 16/41 MP: 0/10
  3253 | D:4      | Found a hazy altar of Hepliaklqana.
  3270 | D:4      | Found a broken altar of Ashenzari.
  3294 | D:4      | Noticed a wyvern
  3300 | D:4      | Killed a wyvern
  3301 | D:4      | Reached skill level 3 in Conjurations
  3443 | D:4      | Reached XP level 7. HP: 46/46 MP: 8/12
  3523 | D:4      | Found a staircase to the Ecumenical Temple.
  3563 | Temple   | Entered the Ecumenical Temple
  3913 | D:4      | Noticed Pikel
  3941 | D:4      | Killed Pikel
  3942 | D:4      | Reached skill level 4 in Conjurations
  3942 | D:4      | Reached XP level 8. HP: 14/52 MP: 1/14
  4207 | D:4      | Reached * piety under Sif Muna
  4413 | D:4      | Learned a level 3 spell: Volatile Blastmotes
  4423 | D:5      | Entered Level 5 of the Dungeon
  4423 | D:5      | Found Nygib's Distillery.
  4678 | D:5      | Found Hepaux's Weapon Emporium.
  4771 | D:5      | Identified the -2 hat of Pumuede {rCorr Int+3 Stlth+}
  5443 | D:6      | Reached skill level 5 in Fire Magic
  5792 | D:6      | Reached skill level 5 in Conjurations
  5968 | D:6      | Learned a level 5 spell: Arcjolt
  6127 | D:6      | Reached skill level 5 in Spellcasting
  6317 | D:6      | Reached ** piety under Sif Muna
  6399 | D:6      | Reached skill level 5 in Dodging
  6399 | D:6      | Gained mutation: You have a tail ending in a sharp stinger.
                  | [demonic ancestry]
  6399 | D:6      | Reached XP level 9. HP: 44/57 MP: 7/16
  6409 | D:6      | Reached skill level 1 in Staves
  7129 | D:7      | Noticed Dowan
  7133 | D:7      | Noticed Duvessa
  7142 | D:7      | Killed Dowan
  7143 | D:7      | Reached skill level 6 in Conjurations
  7143 | D:7      | HP: 1/57 [poisoned by Dowan]
  7144 | D:7      | Killed Duvessa
  7144 | D:7      | Succumbed to Dowan's poison

Illustrated notes

Levels and vault maps discovered:
D:1:      minmay_arrival_solitary_statue, layout_loops_ring, minmay_pentomino_q4
D:2:      layout_rooms, grunt_decor_fettered, uniq_jessica
D:3:      layout_rooms, kennysheep_orc_sif_temple, mainiacjoe_overflow_catwalk,
          nicolae_uskayaw_murder_on_the_dancefloor, portal_sewer_entry_b
D:4:      layout_cave_pools, grunt_temple_overflow_open,
          minmay_temple_entry_oklob, uniq_pikel
D:5:      layout_basic, serial_shops, nicolae_shop_bloodbath_and_beyond,
          nicolae_shop_hallway_stairs
D:6:      layout_basic
D:7:      layout_rooms, hangedman_decor_riveting, uniq_duvessa
Temple:   regret_index_temple_waves

Skill      XL: |  1  2  3  4  5  6  7  8  9 |
---------------+----------------------------+-----
Dodging        | 2 3 4 5 |  5.3
Fire Magic     | 3 4 5 |  5.7
Armour         | 1 2 3 4 |  4.2
Conjurations   | 2 3 4 5 6 |  6.0
Spellcasting   | 3 4 5 |  5.8
Staves         | 1 |  1.8
Stealth        | |  1.9

Action                     |  1- 3 |  4- 6 |  7- 9 || total
---------------------------+-------+-------+-------++-------
  Melee: Unarmed           |    59 |       |       ||    59
         Punch             |     3 |       |       ||     3
         Staff             |     9 |    12 |    45 ||    66
         Tailslap          |       |       |     8 ||     8
  Throw: Boomerang         |       |     2 |     1 ||     3
   Cast: Foxfire           |    33 |    58 |   108 ||   199
         Scorch            |     4 |     6 |    34 ||    44
         Flame Wave        |       |     1 |     1 ||     2
         Volatile Blastmot |       |       |     7 ||     7
  Evoke: Wand              |       |     2 |     1 ||     3
    Use: Potion            |     2 |     9 |     6 ||    17
         Scroll            |     3 |     4 |     7 ||    14
 Armour: Leather armour    |    25 |     5 |       ||    30
         Robe              |       |     6 |    20 ||    26
  Dodge: Dodged            |    75 |    33 |    95 ||   203
  Block: Buckler           |       |       |     5 ||     5

Table legend: (Time is in decaauts)
 A = Elapsed time spent in this place.
 B = Non-inter-level travel time spent in this place.
 C = Inter-level travel time spent in this place.
 D = Time resting spent in this place.
 E = Time spent auto-exploring this place.
 F = Levels seen in this place.
 G = Mean time per level.
                   A        B        C        D        E       F      G
               +--------+--------+--------+--------+--------+-----+--------+
         Total |   7176 |   6852 |    324 |   1586 |   3099 |   8 |  897.0 |
       Dungeon |   6829 |   6507 |    322 |   1586 |   2988 |   7 |  975.6 |
        Temple |    346 |    345 |      1 |      0 |    111 |   1 |  346.0 |
               +--------+--------+--------+--------+--------+-----+--------+

Top non-repeatable levels by time:
     D:6: 1664 daAuts
     D:3: 1450 daAuts
     D:4: 1084 daAuts
     D:1: 933 daAuts
     D:5: 881 daAuts
     D:2: 696 daAuts
  Temple: 346 daAuts
     D:7: 118 daAuts
